 Dungeon Crawl Stone Soup version 0.21.0-25-ge575cb9 (webtiles) character file.

57598 zhorgal the Thaumaturge (level 14, -4/108 HPs)
             Began as a Gnoll Necromancer on Jan 23, 2018.
             Was an Elder of Okawaru.
             Shot with a bolt by a yaktaur captain (38 damage)
             ... on level 12 of the Dungeon on Jan 24, 2018.
             The game lasted 04:17:55 (22661 turns).

zhorgal the Thaumaturge (Gnoll Necromancer)        Turns: 22661, Time: 04:17:56

Health: -4/108     AC: 17    Str: 18    XL:     14   Next: 86%
Magic:  23/28      EV: 20    Int: 23    God:    Okawaru [****..]
Gold:   31         SH:  0    Dex: 12    Spells: 10/34 levels left

rFire    . . .     SeeInvis .   a - +0 glaive
rCold    . . .     Gourm    .   (shield currently unavailable)
rNeg     . . .     Faith    .   i - +1 leather armour {rC+}
rPois    +         Spirit   .   Q - +1 helmet "Efyn" {rPois rC- Regen+ Str+5 Dex-3}
rElec    .         Reflect  .   N - +1 cloak
rCorr    .         Harm     .   d - +1 pair of gloves of a wizard's laboratory {MR+ Str+2}
MR       ++...                  w - +0 pair of boots
Stlth    ++++++....             O - amulet of regeneration
HPRegen  1.08/turn              z - ring of wizardry
MPRegen  0.21/turn              K - +2 ring of protection

@: heroism
A: distributed training, fangs 1, strong nose
a: Heroism, Renounce Religion


You were on level 12 of the Dungeon.
You worshipped Okawaru.
Okawaru was greatly pleased with you.
You were not hungry.

You visited 3 branches of the dungeon, and saw 20 of its levels.
You also visited: Sewer.

You collected 1491 gold pieces.
You spent 1460 gold pieces at shops.

Inventory:

Hand Weapons
 a - a +0 glaive (weapon)
 b - a +2 hunting sling of freezing
 m - a +2 great mace of venom
 I - a +0 scimitar of flaming
Missiles
 f - 217 sling bullets
 k - 8 javelins of returning (quivered)
 n - 607 stones
 u - 508 arrows
 B - 237 bolts
 G - 3 throwing nets
Armour
 d - the +1 pair of gloves of a wizard's laboratory (worn) {MR+ Str+2}
   (You acquired it on level 5 of the Lair of Beasts)

   It affects your strength (+2).
   It affects your resistance to hostile enchantments.
 i - a +1 leather armour of cold resistance (worn)
 w - a +0 pair of boots (worn)
 F - the +0 hat of the Ten Shrikes {rF++}
   (Okawaru gifted it to you on level 5 of the Lair of Beasts)

   It greatly protects you from fire.
 N - a +1 cloak (worn)
 P - a +2 buckler of fire resistance
 Q - the +1 helmet "Efyn" (worn) {rPois rC- Regen+ Str+5 Dex-3}
   (Okawaru gifted it to you on level 6 of the Lair of Beasts)

   It affects your strength (+5).
   It affects your dexterity (-3).
   It makes you vulnerable to cold.
   It protects you from poison.
   It increases your rate of regeneration.
Jewellery
 z - a ring of wizardry (left hand)
 H - an uncursed ring of positive energy
 K - a +2 ring of protection (right hand)
 O - an amulet of regeneration (around neck)
 S - an uncursed ring of positive energy
Wands
 D - a wand of enslavement (18)
 E - a wand of clouds (7)
 M - a wand of acid (4)
 R - a wand of paralysis (24)
 X - a wand of polymorph (22)
 Z - a wand of iceblast (2)
Scrolls
 e - a scroll of enchant armour
 g - 5 scrolls of immolation
 l - 10 scrolls of teleportation
 q - 2 scrolls of blinking
 x - a scroll of fear
 y - 11 scrolls of remove curse
 T - 4 scrolls of magic mapping
 U - 2 scrolls of fog
Potions
 h - 4 potions of lignification
 j - 7 potions of curing
 o - 2 potions of agility
 p - 2 potions of ambrosia
 r - 6 potions of heal wounds
 s - 5 potions of berserk rage
 t - 5 potions of flight
 A - 8 potions of might
 C - 2 potions of invisibility
 J - a potion of cancellation
 L - 6 potions of brilliance
 V - 5 potions of mutation
 W - 3 potions of haste
 Y - 3 potions of magic
Miscellaneous
 v - 2 phantom mirrors
Comestibles
 c - 42 rations


   Skills:
 + Level 9.4(14.4) Fighting
 + Level 9.4(14.4) Short Blades
 + Level 9.4(14.4) Long Blades
 + Level 9.4(14.4) Axes
 + Level 9.4(14.4) Maces & Flails
 + Level 9.4(14.4) Polearms
 + Level 9.4(14.4) Staves
 + Level 9.4(14.4) Slings
 + Level 9.4(14.4) Bows
 + Level 9.4(14.4) Crossbows
 + Level 9.4(14.4) Throwing
 + Level 9.4(14.4) Armour
 + Level 10.4(15.4) Dodging
 + Level 10.3(15.3) Stealth
 + Level 9.4(14.4) Shields
 + Level 9.4(14.4) Unarmed Combat
 + Level 10.6 Spellcasting
 + Level 7.9 Conjurations
 + Level 7.9 Hexes
 + Level 7.9 Charms
 + Level 7.9 Summonings
 + Level 10.5 Necromancy
 + Level 7.9 Translocations
 + Level 7.9 Transmutations
 + Level 7.9 Fire Magic
 + Level 7.9 Ice Magic
 + Level 7.9 Air Magic
 + Level 7.9 Earth Magic
 + Level 7.9 Poison Magic
 + Level 10.2 Invocations
 + Level 9.4 Evocations


You had 10 spell levels left.
You knew the following spells:

 Your Spells              Type           Power        Failure   Level  Hunger
a - Pain                  Necr           ####         1%          1    None
b - Animate Skeleton      Necr           N/A          1%          1    None
c - Vampiric Draining     Necr           ######....   1%          3    None
d - Borgnjor's Vile Clut  Necr/Erth      ######....   1%          5    ####...
e - Animate Dead          Necr           N/A          1%          4    #......
f - Summon Lightning Spi  Summ/Air       #####...     1%          4    #......
g - Ozocubu's Armour      Chrm/Ice       #####...     1%          3    None
R - Regeneration          Chrm/Necr      ######....   1%          3    None


Dungeon Overview and Level Annotations

Branches:
Dungeon (13/15)            Temple (1/1) D:5            Lair (6/6) D:11
  Swamp (0/4) Lair:4        Snake (0/4) Lair:2        Slime (0/5) Lair:5
    Orc (0/2) D:12
 Vaults: D:13-14

Altars:
Ashenzari
Cheibriados
Dithmenos
Elyvilon
Fedhas
Gozag
Hepliaklqana
Kikubaaqudgha
Makhleb
Nemelex Xobeh
Okawaru
Qazlal
Ru
Sif Muna
Trog
Uskayaw
Vehumet
Wu Jian
Xom
Yredelemnul
Zin
The Shining One

Shops:
D:4 !   D:6 *   D:7 ?

Annotations:
D:7 MetaCosm's ghost, novice DEFE
D:8 exclusion: ugly thing


Innate Abilities, Weirdness & Mutations

Your experience applies equally to all skills.
You have very sharp teeth.
Your uncanny sense of smell can sniff out nearby items.


Message History

* * * LOW HITPOINT WARNING * * *
You see here 2 bolts.
You take 7 damage, and have 28/108 hp.
You slice the ogre!! The ogre completely misses you.
You barely miss the ogre. The ogre barely misses you.
Decaying hands burst forth from the earth!
Zombie hands grab the yaktaur captain.
Zombie hands grab the ogre.
The zombie hands constrict the yaktaur captain.
The zombie hands constrict the ogre.
You kill the ogre!
Okawaru accepts your kill. Something appears at your feet!
Okawaru grants you ammunition!
The yaktaur captain struggles to escape constriction.
You now have 23/28 mp.
As you read the scroll of fog, it crumbles to dust.
The scroll dissolves into smoke.
The zombie hands constrict the yaktaur captain!
The yaktaur captain shoots a bolt.
The bolt hits you!!!
You die...

...#...## #..............#.Z...
..###)O.## #..............#.Z..Z
.# ##...## #..............#.....
# ##†..###...######.....######
##...##.............<......
##...#....................
##.....§§................ ###
##....§§§§...........)..
######.#######.§@§............:..
.....).......c§##################
...))#.........#..######.### ###.
....[#......W..##........#.# #..#
.....#...........##.#.###..####..
.....#.........##....#.#.....#..#
######.........###..##..##.##.#..
.....#.........##......##..#...##
.....#.........##..###...#)#.#...


You could see a yaktaur captain.

Vanquished Creatures
  A catoblepas (Lair:6)
  2 centaur warriors (D:13)
  A death knight (D:12)
  5 hydras
  6 death yaks (Lair:5)
  2 two-headed ogres
  3 skeletal warriors (D:13)
  An unseen horror (D:12)
  2 lindwurms (Lair:6)
  A deep elf archer (D:12)
  A phantasmal warrior (D:12)
  A wolf spider (D:11)
  Pikel (D:8)
  2 ugly things
  3 oklob plants (Lair:2)
  2 cyclopes (D:11)
  4 manticores
  A black mamba (Lair:6)
  2 centaur zombies (D:13)
  Joseph (D:8)
  4 elephants
  10 spiny frogs
  An efreet (D:13)
  4 komodo dragons
  2 rime drakes (Lair:6)
  11 polar bears
  2 trolls
  10 hippogriffs
  4 hornets
  A raiju (Lair:6)
  A dream sheep (Lair:6)
  Prince Ribbit (D:7)
  7 slime creatures
  3 blink frogs
  2 shadows
  A wraith (D:13)
  4 wyverns
  14 yaks
  Sigmund (D:6)
  A hungry ghost (D:10)
  5 basilisks
  5 vampire mosquitoes (D:12)
  Grum (D:8)
  Menkaure (D:6)
  2 nagas (Lair:2)
  6 swamp worms (Lair:4)
  An acid dragon (D:11)
  5 wargs
  6 water moccasins
  10 hell hounds (Lair:6)
  A porcupine (Lair:3)
  8 orc warriors
  2 slaves (D:8)
  An ice beast (D:5)
  2 sky beasts
  A hornet zombie (D:10)
  10 ogres
  27 wolves
  10 black bears (Lair:6)
  3 phantoms
  10 centaurs
  13 crocodiles
  Blork the orc (D:5)
  2 big kobolds
  A wyvern zombie (D:6)
  14 bullfrogs
  A scorpion (D:10)
  4 killer bees (D:7)
  A wight (D:7)
  2 vampire bats (D:6)
  8 crimson imps
  A bullfrog zombie (D:12)
  2 quasits
  5 hounds
  3 bullfrog skeletons
  Crazy Yiuf (D:3)
  6 orc priests
  3 jellies
  4 centaur skeletons
  4 iguanas
  19 orc wizards
  5 worker ants
  A hound zombie (D:5)
  A howler monkey zombie (D:5)
  Robin (D:4)
  A howler monkey skeleton (D:6)
  9 gnolls
  10 adders
  2 river rats (Sewer)
  4 shadow imps
  An adder skeleton (D:5)
  A dart slug (D:6)
  4 leopard geckos (D:4)
  60 orcs
  2 ball pythons
  4 bat skeletons (D:6)
  A bat zombie (D:6)
  5 giant cockroaches
  18 goblins
  11 hobgoblins
  8 jackals
  7 quokkas
  12 bats
  13 frilled lizards
  15 kobolds
  9 rats
  2 plants (Lair:2)
545 creatures vanquished.

Vanquished Creatures (collateral kills)
  2 hydras (Lair:6)
  A skeletal warrior (D:13)
  A phantasmal warrior (D:12)
  Maurice (D:8)
  A spiny frog (Lair:3)
  A gargoyle (D:12)
  A komodo dragon (Lair:4)
  A freezing wraith (D:12)
  A slime creature (D:12)
  3 hippogriffs
  3 blink frogs
  A wraith (D:12)
  3 yaks (Lair:6)
  2 basilisks (Lair:3)
  A warg (Lair:6)
  6 hell hounds (Lair:6)
  2 water moccasins
  3 porcupines
  An ice beast (D:7)
  2 orc warriors (D:11)
  A black bear (Lair:6)
  2 phantoms
  An ogre (D:11)
  A centaur (D:11)
  10 wolves
  2 crocodiles (Lair:6)
  2 big kobolds
  3 bullfrogs
  A killer bee (D:7)
  2 wights (D:7)
  An electric eel (Lair:4)
  2 orc priests
  2 orc wizards
  A centaur skeleton (D:9)
  2 worker ants
  A gnoll (D:6)
  An adder (D:8)
  A dart slug (D:3)
  2 leopard geckos
  9 orcs
  A giant cockroach (D:5)
  A goblin (D:12)
  3 kobolds
  A quokka (D:10)
  A frilled lizard (Sewer)
  A quokka skeleton (D:10)
  2 fungi (Lair:6)
94 creatures vanquished.

Vanquished Creatures (others)
  A shadow (D:13)
  A slave (D:8)
  A wolf (Lair:6)
  5 fungi
  15 plants
23 creatures vanquished.

Grand Total: 662 creatures vanquished

Notes
Turn   | Place    | Note
-------+----------+-------------------------------------------
     0 | D:1      | zhorgal the Gnoll Necromancer began the quest for the Orb.
     0 | D:1      | Reached XP level 1. HP: 13/13 MP: 6/6
     8 | D:1      | Learned a level 1 spell: Animate Skeleton
   202 | D:1      | Reached XP level 2. HP: 19/19 MP: 5/7
  1120 | D:2      | Reached XP level 3. HP: 9/25 MP: 5/9
  1339 | D:2      | Reached skill level 5 in Spellcasting
  1408 | D:2      | Reached skill level 1 in Invocations
  1632 | D:2      | Learned a level 3 spell: Vampiric Draining
  1636 | D:2      | Learned a level 3 spell: Regeneration
  1662 | D:2      | Reached skill level 1 in Fighting
  1662 | D:2      | Reached skill level 1 in Short Blades
  1662 | D:2      | Reached skill level 1 in Long Blades
  1662 | D:2      | Reached skill level 1 in Axes
  1662 | D:2      | Reached skill level 1 in Maces & Flails
  1662 | D:2      | Reached skill level 1 in Polearms
  1662 | D:2      | Reached skill level 1 in Staves
  1662 | D:2      | Reached skill level 1 in Slings
  1662 | D:2      | Reached skill level 1 in Bows
  1662 | D:2      | Reached skill level 1 in Crossbows
  1662 | D:2      | Reached skill level 1 in Throwing
  1662 | D:2      | Reached skill level 1 in Armour
  1662 | D:2      | Reached skill level 1 in Shields
  1662 | D:2      | Reached skill level 1 in Unarmed Combat
  1662 | D:2      | Reached skill level 1 in Evocations
  1748 | D:2      | Found a bloodstained altar of Trog.
  1754 | D:2      | Reached XP level 4. HP: 30/32 MP: 7/11
  1995 | D:2      | Reached skill level 1 in Conjurations
  1995 | D:2      | Reached skill level 1 in Hexes
  1995 | D:2      | Reached skill level 1 in Charms
  1995 | D:2      | Reached skill level 1 in Summonings
  1995 | D:2      | Reached skill level 1 in Translocations
  1995 | D:2      | Reached skill level 1 in Transmutations
  1995 | D:2      | Reached skill level 1 in Fire Magic
  1995 | D:2      | Reached skill level 1 in Ice Magic
  1995 | D:2      | Reached skill level 1 in Air Magic
  1995 | D:2      | Reached skill level 1 in Earth Magic
  1995 | D:2      | Reached skill level 1 in Poison Magic
  2021 | D:2      | Found a faded altar of an unknown god.
  2218 | D:3      | Reached XP level 5. HP: 31/37 MP: 5/12
  2430 | D:3      | Found a white marble altar of Elyvilon.
  2862 | D:3      | Reached XP level 6. HP: 23/44 MP: 5/13
  3107 | D:3      | Found a radiant altar of Vehumet.
  3108 | D:3      | Found a hide-covered altar of Uskayaw.
  3183 | D:3      | Reached skill level 5 in Dodging
  3213 | D:3      | Found a runed door.
  3217 | D:3      | Noticed Crazy Yiuf
  3224 | D:3      | Killed Crazy Yiuf
  3386 | D:4      | Noticed Robin
  3391 | D:4      | Killed Robin
  3440 | D:4      | Found a stormy altar of Qazlal.
  3656 | D:4      | Reached XP level 7. HP: 40/50 MP: 15/15
  3757 | D:4      | Found a glowing drain.
  3782 | Sewer    | Entered a sewer
  4387 | D:4      | Found Poiw's Distillery.
  4395 | D:4      | Bought a potion of curing for 42 gold pieces
  5033 | D:5      | Entered Level 5 of the Dungeon
  5033 | D:5      | Found a staircase to the Ecumenical Temple.
  5086 | Temple   | Entered the Ecumenical Temple
  5374 | D:5      | Reached skill level 5 in Stealth
  5493 | D:5      | Reached XP level 8. HP: 51/57 MP: 2/16
  5624 | D:5      | Found an iron altar of Okawaru.
  5632 | D:5      | Became a worshipper of Warmaster Okawaru
  5848 | D:5      | Noticed Blork the orc
  5862 | D:5      | Killed Blork the orc
  5935 | D:5      | Reached * piety under Okawaru
  6999 | D:6      | Noticed Sigmund
  7064 | D:6      | Reached XP level 9. HP: 53/65 MP: 10/18
  7137 | D:6      | Killed Sigmund
  7154 | D:6      | Found a snail-covered altar of Cheibriados.
  7164 | D:6      | Found Loikh's Assorted Antiques.
  7172 | D:6      | Bought a fuming amethyst potion for 23 gold pieces
  7172 | D:6      | Bought a black potion for 23 gold pieces
  7172 | D:6      | Bought a scroll of identify for 52 gold pieces
  7172 | D:6      | Bought a scroll of remove curse for 78 gold pieces
  7172 | D:6      | Bought 2 scrolls labeled HUUD PIFFIAJYA for 52 gold pieces
  7538 | D:6      | Noticed Menkaure
  7562 | D:6      | Killed Menkaure
  7569 | D:6      | Learned a level 5 spell: Borgnjor's Vile Clutch
  7574 | D:6      | Learned a level 4 spell: Animate Dead
  7639 | D:6      | Found an ancient bone altar of Kikubaaqudgha.
  7925 | D:7      | Reached ** piety under Okawaru
  8031 | D:7      | Found Jaror's Magic Scroll Shoppe.
  8045 | D:7      | Bought a scroll of teleportation for 42 gold pieces
  8045 | D:7      | Bought a scroll of teleportation for 42 gold pieces
  8096 | D:7      | Noticed Prince Ribbit
  8103 | D:7      | Noticed MetaCosm's ghost (novice DEFE)
  8390 | D:7      | Found an opulent altar of Gozag.
  8527 | D:7      | Killed Prince Ribbit
  8527 | D:7      | Reached skill level 5 in Invocations
  8572 | D:7      | Found a sparkling altar of Nemelex Xobeh.
  8653 | D:8      | Found a shattered altar of Ashenzari.
  8656 | D:8      | Noticed a two-headed ogre
  8659 | D:8      | Noticed Maurice
  8676 | D:8      | Killed a two-headed ogre
  8676 | D:8      | Reached *** piety under Okawaru
  8676 | D:8      | Reached XP level 10. HP: 48/73 MP: 20/20
  8892 | D:8      | Reached skill level 5 in Fighting
  8892 | D:8      | Reached skill level 5 in Short Blades
  8892 | D:8      | Reached skill level 5 in Long Blades
  8892 | D:8      | Reached skill level 5 in Axes
  8892 | D:8      | Reached skill level 5 in Maces & Flails
  8892 | D:8      | Reached skill level 5 in Polearms
  8892 | D:8      | Reached skill level 5 in Staves
  8892 | D:8      | Reached skill level 5 in Slings
  8892 | D:8      | Reached skill level 5 in Bows
  8892 | D:8      | Reached skill level 5 in Crossbows
  8892 | D:8      | Reached skill level 5 in Throwing
  8892 | D:8      | Reached skill level 5 in Armour
  8892 | D:8      | Reached skill level 5 in Shields
  8892 | D:8      | Reached skill level 5 in Unarmed Combat
  8892 | D:8      | Reached skill level 5 in Evocations
  8943 | D:8      | Noticed Grum
  9015 | D:8      | Killed Grum
  9015 | D:8      | Received a gift from Okawaru
  9120 | D:8      | Found a hazy altar of Hepliaklqana.
  9142 | D:8      | Killed Maurice
  9166 | D:8      | Noticed Pikel
  9186 | D:8      | Killed Pikel
  9186 | D:8      | Reached **** piety under Okawaru
  9203 | D:8      | Found a shadowy altar of Dithmenos.
  9290 | D:8      | Noticed a brown ugly thing
  9624 | D:8      | Received a gift from Okawaru
  9928 | D:8      | Noticed Joseph
  9944 | D:8      | Killed Joseph
 10628 | D:9      | Reached XP level 11. HP: 80/80 MP: 10/22
 10661 | D:9      | Received a gift from Okawaru
 11051 | D:9      | Noticed a two-headed ogre
 11059 | D:9      | Killed a two-headed ogre
 11059 | D:9      | Reached ***** piety under Okawaru
 11059 | D:9      | Reached skill level 5 in Conjurations
 11059 | D:9      | Reached skill level 5 in Hexes
 11059 | D:9      | Reached skill level 5 in Charms
 11059 | D:9      | Reached skill level 5 in Summonings
 11059 | D:9      | Reached skill level 5 in Translocations
 11059 | D:9      | Reached skill level 5 in Transmutations
 11059 | D:9      | Reached skill level 5 in Fire Magic
 11059 | D:9      | Reached skill level 5 in Ice Magic
 11059 | D:9      | Reached skill level 5 in Air Magic
 11059 | D:9      | Reached skill level 5 in Earth Magic
 11059 | D:9      | Reached skill level 5 in Poison Magic
 11328 | D:10     | Entered Level 10 of the Dungeon
 12205 | D:11     | Noticed a manticore
 12208 | D:11     | Noticed a cyclops
 12214 | D:10     | Killed a manticore
 12342 | D:11     | Received a gift from Okawaru
 12357 | D:11     | Noticed a wolf spider
 12367 | D:11     | Killed a wolf spider
 12418 | D:11     | Received a gift from Okawaru
 12636 | D:11     | Found a staircase to the Lair.
 12775 | D:11     | Noticed an eight-headed hydra
 12778 | D:11     | Noticed a red ugly thing
 12788 | D:11     | Killed an eight-headed hydra
 12810 | D:11     | Killed a green ugly thing
 12981 | D:11     | Killed a cyclops
 12981 | D:11     | Reached XP level 12. HP: 89/89 MP: 17/24
 13644 | Lair:1   | Entered Level 1 of the Lair of Beasts
 13657 | Lair:1   | Received a gift from Okawaru
 14562 | Lair:2   | Found a staircase to the Snake Pit.
 15218 | Lair:3   | Received a gift from Okawaru
 16083 | Lair:4   | Found a blossoming altar of Fedhas.
 16103 | Lair:4   | Received a gift from Okawaru
 16179 | Lair:4   | Received a gift from Okawaru
 16333 | Lair:4   | Reached XP level 13. HP: 61/98 MP: 26/26
 16419 | Lair:4   | Found a staircase to the Swamp.
 17072 | Lair:5   | Received a gift from Okawaru
 17141 | Lair:5   | Found a staircase to the Slime Pits.
 17162 | Lair:5   | Identified a scroll of acquirement
 17171 | Lair:5   | Got a pair of transparent gloves
 17177 | Lair:5   | Identified the +1 pair of gloves of a wizard's laboratory {MR+ Str+2} (You acquired it on level 5 of the Lair of Beasts)
 17226 | Lair:5   | Received a gift from Okawaru
 17508 | Lair:5   | Received a gift from Okawaru
 18048 | Lair:6   | Entered Level 6 of the Lair of Beasts
 18266 | Lair:6   | Reached skill level 10 in Necromancy
 18412 | Lair:6   | Received a gift from Okawaru
 18562 | Lair:6   | Received a gift from Okawaru
 18562 | Lair:6   | Reached skill level 10 in Spellcasting
 18567 | Lair:6   | Identified the Handbook of the Creative Glacier
 18592 | Lair:6   | Got a bloodstained helmet {god gift}
 18598 | Lair:6   | Identified the +1 helmet "Efyn" {rPois rC- Regen+ Str+5 Dex-3} (Okawaru gifted it to you on level 6 of the Lair of Beasts)
 18794 | Lair:5   | Got a heavily runed hat {god gift}
 18805 | Lair:5   | Identified the +0 hat of the Ten Shrikes {rF++} (Okawaru gifted it to you on level 5 of the Lair of Beasts)
 18897 | Lair:6   | Reached XP level 14. HP: 99/106 MP: 28/28
 19279 | Lair:6   | Reached skill level 10 in Dodging
 20432 | D:12     | Found a staircase to the Orcish Mines.
 20555 | D:12     | Reached skill level 10 in Stealth
 20595 | D:12     | Learned a level 4 spell: Summon Lightning Spire
 20601 | D:12     | Learned a level 3 spell: Ozocubu's Armour
 20967 | D:13     | Reached skill level 10 in Invocations
 21410 | D:12     | Received a gift from Okawaru
 22439 | D:4      | Bought a potion of brilliance for 56 gold pieces
 22439 | D:4      | Bought a potion of invisibility for 112 gold pieces
 22439 | D:4      | Bought a potion of curing for 42 gold pieces
 22439 | D:4      | Bought a potion of curing for 42 gold pieces
 22439 | D:4      | Bought a potion of curing for 42 gold pieces
 22439 | D:4      | Bought a potion of curing for 42 gold pieces
 22439 | D:4      | Bought 2 potions of haste for 280 gold pieces
 22439 | D:4      | Bought a potion of cancellation for 112 gold pieces
 22539 | D:7      | Bought a scroll of remove curse for 42 gold pieces
 22539 | D:7      | Bought a scroll of remove curse for 42 gold pieces
 22539 | D:7      | Bought a scroll of remove curse for 42 gold pieces
 22539 | D:7      | Bought 2 scrolls of blinking for 210 gold pieces
 22539 | D:7      | Bought a scroll of remove curse for 42 gold pieces
 22660 | D:12     | Received a gift from Okawaru
 22661 | D:12     | Shot with a bolt by a yaktaur captain

Skill      XL: |  1  2  3  4  5  6  7  8  9 10 11 12 13 14 |
---------------+-------------------------------------------+-----
Spellcasting   | 5 6 7 8 9 10 | 10.6
Invocations    | 1 2 3 4 5 6 7 8 9 10 | 10.2
Fighting       | 1 2 3 4 5 6 7 8 9 |  9.4
Short Blades   | 1 2 3 4 5 6 7 8 9 |  9.4
Long Blades    | 1 2 3 4 5 6 7 8 9 |  9.4
Axes           | 1 2 3 4 5 6 7 8 9 |  9.4
Maces & Flails | 1 2 3 4 5 6 7 8 9 |  9.4
Polearms       | 1 2 3 4 5 6 7 8 9 |  9.4
Staves         | 1 2 3 4 5 6 7 8 9 |  9.4
Slings         | 1 2 3 4 5 6 7 8 9 |  9.4
Bows           | 1 2 3 4 5 6 7 8 9 |  9.4
Crossbows      | 1 2 3 4 5 6 7 8 9 |  9.4
Throwing       | 1 2 3 4 5 6 7 8 9 |  9.4
Armour         | 1 2 3 4 5 6 7 8 9 |  9.4
Shields        | 1 2 3 4 5 6 7 8 9 |  9.4
Unarmed Combat | 1 2 3 4 5 6 7 8 9 |  9.4
Evocations     | 1 2 3 4 5 6 7 8 9 |  9.4
Conjurations   | 1 2 3 4 5 6 7 |  7.9
Hexes          | 1 2 3 4 5 6 7 |  7.9
Charms         | 1 2 3 4 5 6 7 |  7.9
Summonings     | 1 2 3 4 5 6 7 |  7.9
Translocations | 1 2 3 4 5 6 7 |  7.9
Transmutations | 1 2 3 4 5 6 7 |  7.9
Fire Magic     | 1 2 3 4 5 6 7 |  7.9
Ice Magic      | 1 2 3 4 5 6 7 |  7.9
Air Magic      | 1 2 3 4 5 6 7 |  7.9
Earth Magic    | 1 2 3 4 5 6 7 |  7.9
Poison Magic   | 1 2 3 4 5 6 7 |  7.9
Dodging        | 5 6 7 8 9 10 | 10.4
Stealth        | 5 6 7 8 9 10 | 10.3
Necromancy     | 8 9 10 | 10.5

Action                   |  1- 3 |  4- 6 |  7- 9 | 10-12 | 13-15 || total
-------------------------+-------+-------+-------+-------+-------++-------
Melee: Spear             |       |    65 |   508 |   360 |       ||   933
       Bite              |       |     3 |    46 |    51 |    66 ||   166
       Hunting sling     |       |     2 |       |       |     1 ||     3
       Punch             |       |       |    11 |    13 |     1 ||    25
       Flail             |       |       |     2 |       |       ||     2
       Halberd           |       |       |       |   222 |   166 ||   388
       Great mace        |       |       |       |    49 |   157 ||   206
       Glaive            |       |       |       |       |   161 ||   161
       Staff             |       |       |       |       |    81 ||    81
 Fire: Hunting sling     |     3 |    62 |    24 |   137 |    69 ||   295
Throw: Javelin           |       |     8 |     1 |    10 |    51 ||    70
 Cast: Pain              |    55 |    48 |    64 |    16 |     2 ||   185
       Animate Skeleton  |    24 |    23 |    35 |    83 |    79 ||   244
       Vampiric Draining |       |     9 |    26 |    15 |    10 ||    60
       Regeneration      |       |     2 |    10 |    22 |    16 ||    50
       Animate Dead      |       |       |     2 |     5 |     4 ||    11
       Borgnjor's Vile C |       |       |       |    31 |    46 ||    77
       Summon Lightning  |       |       |       |       |    15 ||    15
       Ozocubu's Armour  |       |       |       |       |     1 ||     1
Invok: Heroism           |       |       |    24 |    45 |    40 ||   109
Evoke: Wand              |       |       |     5 |     1 |     8 ||    14
  Use: Potion            |       |     1 |     1 |     1 |       ||     3
       Scroll            |       |       |    14 |    10 |     8 ||    32
 Stab: Distracted        |       |     1 |     5 |     7 |     7 ||    20
       Sleeping          |       |       |     9 |    11 |    11 ||    31
       Paralysed         |       |       |     2 |       |     5 ||     7
  Eat: Chunk             |     3 |     7 |    19 |    30 |    24 ||    83
       Ration            |       |       |       |     2 |     2 ||     4
Armor: Robe              |     3 |     2 |    19 |       |       ||    24
       Leather armour    |       |     6 |    44 |   150 |   209 ||   409
Dodge: Dodged            |    10 |    48 |   298 |   484 |   487 ||  1327
Block: Buckler           |       |       |       |       |    17 ||    17
